 Dungeon Crawl Stone Soup version 0.21.1-1-g345015f (webtiles) character file.

599 troglodite the Skirmisher (level 7, -7/56 HPs)
             Began as a Demonspawn Berserker on July 31, 2018.
             Was a Priest of Trog.
             Killed by divine providence
             ... invoked by an orc priest
              (10 damage)
             ... on level 5 of the Dungeon.
             The game lasted 00:12:26 (3023 turns).

troglodite the Skirmisher (Demonspawn Berserker)    Turns: 3023, Time: 00:12:27

Health: -7/56      AC: 12    Str: 18    XL:     7   Next: 17%
Magic:  0/7        EV:  8    Int:  8    God:    Trog [***...]
Gold:   230        SH:  0    Dex: 14    Spells: 6/6 levels left

rFire    . . .     SeeInvis .   a - +0 falchion
rCold    . . .     Gourm    .   (no shield)
rNeg     . . .     Faith    .   y - +0 chain mail
rPois    .         Spirit   +   x - +0 helmet
rElec    .         Reflect  .   t - +0 cloak
rCorr    .         Harm     .   (no gloves)
MR       .....                  (no boots)
Stlth    ..........             (no amulet)
HPRegen  0.18/turn              l - ring of flight
MPRegen  0.20/turn              r - +1 ring of protection

@: lethally poisoned (-7 -> -10), berserk cooldown, slowed, very slow
A: talons 2, powered by death 1, magic shield, magic regeneration
a: Berserk, Trog's Hand, Burn Spellbooks, Renounce Religion, Evoke Flight


You were on level 5 of the Dungeon.
You worshipped Trog.
Trog was most pleased with you.
You were not hungry.

You visited 1 branch of the dungeon, and saw 5 of its levels.

You collected 230 gold pieces.

Inventory:

Hand Weapons
 a - a +0 falchion (weapon)
 o - a +1 hunting sling of velocity
Missiles
 p - 165 stones (quivered)
Armour
 t - a +0 cloak (worn)
 x - a +0 helmet (worn)
 y - a +0 chain mail (worn)
Jewellery
 l - a ring of flight (left hand)
 r - a +1 ring of protection (right hand)
Scrolls
 b - a scroll of remove curse
 d - a scroll of identify
 e - a scroll of magic mapping {unknown}
 f - 3 scrolls of enchant weapon
 k - a scroll of immolation
Potions
 g - 4 potions of lignification
 h - a potion of flight
 j - a potion of brilliance
 m - a potion of cancellation
 s - a potion of agility {unknown}
 u - a potion of berserk rage {unknown}
 v - a potion of magic {unknown}
Comestibles
 c - 8 rations
 q - 2 chunks of flesh


   Skills:
 * Level 5.3 Fighting
 + Level 4.4 Long Blades
 * Level 0.3 Slings
 * Level 3.6 Armour
 * Level 3.4 Dodging
 + Level 0.2 Stealth


You had 6 spell levels left.
You didn't know any spells.

Dungeon Overview and Level Annotations

Branches:
Dungeon (5/15)
 Temple: D:4-7

Altars:


Innate Abilities, Weirdness & Mutations

You have razor-sharp toenails.
You regenerate a little health from kills.
When hurt, damage is shared between your health and your magic reserves.
You regenerate magic rapidly.


Message History

* * * LOW HITPOINT WARNING * * *
The adder bites you.
* * * LOW HITPOINT WARNING * * *
The orc wizard hits you but does no damage.
The orc priest hits you but does no damage.
The adder bites you.
* * * LOW HITPOINT WARNING * * *
You are lethally poisoned!
The adder poisons you!
You hit the orc priest.
The orc priest is severely wounded.
* * * LOW HITPOINT WARNING * * *
You feel sick.
The orc wizard gestures at you while chanting.
The magic dart hits you! The adder bites you but does no damage.
The orc wizard gestures at you while chanting.
The magic dart hits you!
The orc priest invokes the aid of Beogh against you.
Beogh smites you!
You die...

############
#..........#
##.
..########.#
#.. ### #.# #.#
# #.# #.# # #
#># #.###.# #
#.### #o... #
#.#.###So# #
#####....##@o#
.
.........###(.#
########.# #..#
##. #.# #..#
##... #.# #..#
#.....##.# #..#
.........###..#
...[..........#
..............#


You could see an orc priest (inner flame), an orc wizard (inner flame), an adder
(inner flame) and an orc (inner flame).

Vanquished Creatures
  A phantom (D:5)
  Blork the orc (D:4)
  A howler monkey (D:4)
  Crazy Yiuf (D:3)
  An orc wizard (D:4)
  An iguana (D:4)
  4 worker ants (D:4)
  8 gnolls
  4 adders
  An adder zombie (D:5)
  2 worms
  2 dart slugs
  3 leopard geckos
  4 orcs
  7 bats
  6 giant cockroaches
  15 goblins
  9 hobgoblins
  4 jackals
  2 quokkas (D:2)
  A ball python (D:4)
  7 frilled lizards
  13 kobolds
  8 rats
106 creatures vanquished.

Notes
Turn   | Place    | Note
-------+----------+-------------------------------------------
     0 | D:1      | troglodite the Demonspawn Berserker began the quest for the Orb.
     0 | D:1      | Reached XP level 1. HP: 18/18 MP: 1/1
   147 | D:1      | Gained mutation: You have sharp toenails. [demonic ancestry]
   147 | D:1      | Reached XP level 2. HP: 24/24 MP: 2/2
   641 | D:1      | Gained mutation: You regenerate a little health from kills. [demonic ancestry]
   641 | D:1      | Reached XP level 3. HP: 28/29 MP: 3/3
   741 | D:1      | Reached ** piety under Trog
  1132 | D:2      | Reached skill level 4 in Fighting
  1231 | D:2      | Gained mutation: When hurt, damage is shared between your health and your magic reserves. [demonic ancestry]
  1231 | D:2      | Reached XP level 4. HP: 37/37 MP: 4/4
  1818 | D:3      | Found a runed door.
  1822 | D:3      | Noticed Crazy Yiuf
  1827 | D:3      | Killed Crazy Yiuf
  1881 | D:3      | Reached XP level 5. HP: 41/42 MP: 3/5
  1948 | D:3      | Reached *** piety under Trog
  2033 | D:3      | You fall through a shaft for 2 floors!
  2033 | D:5      | Entered Level 5 of the Dungeon
  2220 | D:4      | Noticed Blork the orc
  2228 | D:4      | Gained mutation: You regenerate magic rapidly. [demonic ancestry]
  2228 | D:4      | Reached XP level 6. HP: 42/49 MP: 3/6
  2233 | D:4      | Killed Blork the orc
  2556 | D:4      | Reached skill level 5 in Fighting
  3015 | D:5      | Gained mutation: You have razor-sharp toenails. [demonic ancestry]
  3015 | D:5      | Reached XP level 7. HP: 33/56 MP: 5/7
  3023 | D:5      | Killed from afar by an orc priest

Skill      XL: |  1  2  3  4  5  6 |
---------------+-------------------+-----
Dodging        | 2 3 |  3.4
Long Blades    | 3 4 |  4.4
Armour         | 2 3 |  3.6
Fighting       | 4 5 |  5.3
Slings         | |  0.3
Stealth        | |  0.2

Action                   |  1- 3 |  4- 6 |  7- 9 || total
-------------------------+-------+-------+-------++-------
Melee: Falchion          |   109 |   174 |     7 ||   290
       Kick              |    21 |    63 |     2 ||    86
Invok: Berserk           |     2 |     7 |       ||     9
  Use: Scroll            |       |     8 |     1 ||     9
  Eat: Chunk             |     3 |    13 |       ||    16
Armor: Animal skin       |    20 |       |       ||    20
       Ring mail         |       |    63 |       ||    63
       Chain mail        |       |    27 |    14 ||    41
Dodge: Dodged            |    83 |   125 |    14 ||   222
       Rpst.: Falchion   |    26 |    40 |     2 ||    68
